 Dungeon Crawl Stone Soup version 0.27-a0-1184-ge86db4a01e (webtiles) character file.

Game seed: 12826219085894159557

105 mordus the Ruffian (level 4, -3/45 HPs)
             Began as a Troll Monk on May 18, 2021.
             Shot with an arrow by a centaur (5 damage)
             ... on level 5 of the Dungeon.
             The game lasted 00:03:32 (1458 turns).

mordus the Ruffian (Troll Monk)                     Turns: 1458, Time: 00:03:32

Health: -3/45      AC:  4    Str: 26    XL:     4   Next: 53%
Magic:  3/3        EV: 10    Int:  6    God:
Gold:   144        SH:  0    Dex: 12    Spells: 3/3 levels left

rFire    . . .     SeeInvis +     - Unarmed
rCold    . . .     Faith    .   (no shield)
rNeg     . . .     Spirit   .   a - +0 robe
rPois    .         Reflect  .   (helmet restricted)
rElec    .         Harm     .   (no cloak)
rCorr    .         Rampage  .   (gloves unavailable)
Will     .....                  (boots unavailable)
Stlth    ++........             (no amulet)
HPRegen  1.15/turn              g - +6 ring of strength
MPRegen  0.08/turn              f - ring of see invisible

@: invisible
A: large, unfitting armour, claws 3, regeneration 1, shaggy fur 1, tough skin 1
a: no special abilities


You were on level 5 of the Dungeon.
You visited 1 branch of the dungeon, and saw 4 of its levels.

You collected 144 gold pieces.

Inventory:

Armour
 a - a +0 robe (worn)
Jewellery
 f - a ring of see invisible (right claw)
 g - a +6 ring of strength (left claw)
Scrolls
 b - 2 scrolls of fear {unknown}
 e - a scroll of teleportation {unknown}
 h - a scroll of magic mapping {unknown}
Potions
 c - a potion of invisibility
 d - 2 potions of magic {unknown}


   Skills:
 + Level 3.0 Fighting
 + Level 3.0 Dodging
 - Level 1.0 Stealth
 * Level 4.3 Unarmed Combat


You had 3 spell levels left.
You didn't know any spells.
Your spell library was empty.

Dungeon Overview and Level Annotations

Branches:
Dungeon (3/15)

Altars:


Innate Abilities, Weirdness & Mutations

You are too large for most types of armour.
You have claws for hands.
Your natural rate of healing is unusually fast.
You are covered in fur. (AC +1)
You have tough skin. (AC +1)


Message History

The ogre is moderately wounded.
The ogre hits you with a +0 giant spiked club!
You are too injured to fight recklessly!
You are too injured to fight recklessly!
You completely miss the ogre.
The ogre is moderately wounded.
The ogre closely misses you.
You scratch the ogre.
The ogre is moderately wounded.
The ogre hits you with a +0 giant spiked club!
The scorpion misses you.
You closely miss the scorpion. The scorpion stings you.
You are poisoned.
The scorpion poisons you! The scorpion stings you.
You closely miss the scorpion.
You feel very sick. The scorpion stings you.
You are more poisoned.
The scorpion poisons you!
You feel very sick.
You feel very sick.
You feel sick.
You feel sick.
A centaur comes into view.
You feel sick.
You feel sick.
You feel sick.
You feel sick.
The centaur wields a +0 shortbow.
The centaur shoots an arrow.
The arrow closely misses you.
You feel sick.
The centaur shoots an arrow.
The arrow hits you.
* * * LOW HITPOINT WARNING * * *
You feel sick.
You are no longer poisoned.
The centaur shoots an arrow.
The arrow closely misses you.
It was a potion of invisibility.
You fade into invisibility!
The centaur shoots an arrow.
The arrow hits you!
* * * LOW HITPOINT WARNING * * *
The ogre closely misses you.
The centaur shoots an arrow.
The arrow hits you.
You die...

## ##### #.##...##
##..#.c..# #.......@#
#......O## .
.........# ...
#..........# ..
....##....###. .
#.........#.## ..#
#.##.....#..###..#.
#.#..#.......#......##
##....#...........#
..###


You could see an ogre and a centaur.

Vanquished Creatures
  A hound (D:5)
  3 adders (D:2)
  2 dart slugs
  3 endoplasms
  2 giant cockroaches
  3 hobgoblins
  3 jackals (D:2)
  8 kobolds
  3 ball pythons
  3 bats
  2 frilled lizards (D:2)
  4 goblins
  5 rats
42 creatures vanquished.

Vanquished Creatures (others)
  4 toadstools (D:1)
4 creatures vanquished.

Grand Total: 46 creatures vanquished

Notes
Turn   | Place    | Note
-------+----------+-------------------------------------------
     0 | D:1      | mordus the Troll Monk began the quest for the Orb.
     0 | D:1      | Reached XP level 1. HP: 22/22 MP: 0/0
   307 | D:1      | Reached XP level 2. HP: 29/29 MP: 1/1
   997 | D:2      | Reached XP level 3. HP: 36/36 MP: 2/2
  1096 | D:2      | Found a faded altar of an unknown god.
  1180 | D:2      | Reached skill level 4 in Unarmed Combat
  1208 | D:2      | Reached XP level 4. HP: 40/44 MP: 3/3
  1402 | D:3      | You fall into a shaft and drop 2 floors!
  1402 | D:5      | Entered Level 5 of the Dungeon
  1417 | D:5      | Noticed an ogre
  1425 | D:5      | Noticed a scorpion
  1452 | D:5      | Noticed a centaur
  1458 | D:5      | HP: 2/45 [centaur/arrow (8)]
  1458 | D:5      | Shot with an arrow by a centaur

Illustrated notes

Levels and vault maps discovered:
D:1:      dpeg_arrival_prison, layout_loops_corners,
          minmay_misc_feat_nine_boxes, minmay_gold_behind_fungi,
          amcnicky_mini_pool_small
D:2:      layout_basic, basic_ecumenical_altar
D:3:      layout_basic, yredelemnul_altar_generic, overflow_temple_1_default
D:5:      layout_cave_pools, minmay_temple_entry_offerings

Skill      XL: |  1  2  3  4 |
---------------+-------------+-----
Unarmed Combat | 4 |  4.3
Fighting       | 3 |  3.0
Dodging        | 3 |  3.0
Stealth        | |  1.0

Action                   |  1- 3 |  4- 6 || total
-------------------------+-------+-------++-------
Melee: Unarmed           |    99 |    16 ||   115
       Punch             |     1 |       ||     1
  Use: Potion            |       |     1 ||     1
 Stab: Sleeping          |     4 |       ||     4
Armor: Robe              |    26 |     6 ||    32
Dodge: Dodged            |    54 |     7 ||    61

Table legend: (Time is in decaauts)
 A = Elapsed time spent in this place.
 B = Non-inter-level travel time spent in this place.
 C = Inter-level travel time spent in this place.
 D = Time resting spent in this place.
 E = Time spent auto-exploring this place.
 F = Levels seen in this place.
 G = Mean time per level.
                   A        B        C        D        E       F      G
               +--------+--------+--------+--------+--------+-----+--------+
         Total |   1448 |   1418 |     30 |     19 |   1120 |   4 |  362.0 |
       Dungeon |   1448 |   1418 |     30 |     19 |   1120 |   4 |  362.0 |
               +--------+--------+--------+--------+--------+-----+--------+

Top non-repeatable levels by time:
     D:1: 901 daAuts
     D:2: 466 daAuts
     D:5: 55 daAuts
     D:3: 25 daAuts
